AoeStats
← wayne_king

Arabian Desert

509834926Analyzed
1v1 RM · 2d ago on Sep 28, 2026· 13m 43s· 2 players
Game mode
Random Map
Map size
Tiny (2 player)
Population
200
Speed
Normal
Resources
Standard
Victory
Conquest
Starting age
Dark Age
Ending age
Imperial Age
RankedLock teamsTeams togetherTeam positionsShared explorationLock speedFull tech treeHidden civsTurbo modeCheats
Victory
Defeat
🇹🇼 Magyars · Taiwan
1221
+16
🇦🇺 Saxons · Australia
1230
-16
eric_liu
7:27 Loom
9:51 Feudal Age
9:56 Man-at-Arms
10:39 Double-Bit Axe
wayne_king
9:06 Feudal Age
9:21 Man-at-Arms
10:00 Double-Bit Axe
9:57 Horse Collar
Connection lost

Rejoining the realm…

Still unreachable

The connection could not be restored.

Session expired

The server has moved on; the page needs a fresh start.